[Event "Titled Tuesday Blitz November 22 Early 2022"]
[White "Winterberg, Lukas"]
[Black "Salman, Pavel"]
[WhiteFideId "24622702"]
[BlackFideId "24153753"]
[WhiteElo "2349"]
[BlackElo "2187"]
[Result "1-0"]
[Round "03"]
[TimeControl "180+1"]
[Date "2022.11.23"]
[WhiteClock "0:00:29"]
[BlackClock "0:00:02"]

1. d4 Nf6 2. Nf3 g6 3. c4 d5 4. Nc3 Bg7 5. cxd5 Nxd5 6. e4 Nxc3 7. bxc3 O-O 8. Be2 c5 9. O-O Nc6 10. Be3 cxd4 11. cxd4 Bg4 12. d5 Bxf3 13. Bxf3 Ne5 14. Be2 Rc8 15. Bd4 Qa5 16. Rb1 b6 17. f4 Nd7 18. Bxg7 Kxg7 19. Qd4+ Kg8 20. Kh1 Rc2 21. Bb5 Nc5 22. a4 a6 23. Bc6 Rd2 24. Qc4 Rd3 25. e5 Qd2 26. Qb4 Qe2 27. Rbe1 Qa2 28. Qxb6 Rd2 29. Qxc5 Rxg2 30. d6 Rxh2+ 31. Kg1 exd6 32. exd6 Rh5 33. Qf2 Qc4 34. Bg2 Qxa4 35. Rd1 Qd7 36. Qg3 Re8 37. Rfe1 Rxe1+ 38. Qxe1 Kg7 39. Qe3 Rb5 40. Qc3+ Kg8 41. Qf6 Qg4 42. Re1 Rb8 43. Qg5 Qd7 44. Qe7 Rd8 45. Qxd7 Rxd7 46. Rd1 Kg7 47. Bc6 Rd8 48. d7 Kf6 49. Ra1 Ke7 50. Rxa6 f6 51. Ba4 g5 52. f5 h5 53. Re6+ Kf7 54. Re8 Rxd7 55. Bxd7 1-0


[Site "https://www.chess.com"]

[Event "Titled Tuesday Blitz November 22 Early 2022"]
[White "Xiong, Jeffery"]
[Black "Golubev, Mikhail"]
[WhiteFideId "2047640"]
[BlackFideId "14100983"]
[WhiteElo "2725"]
[BlackElo "2374"]
[Result "1-0"]
[Round "03"]
[TimeControl "180+1"]
[Date "2022.11.23"]
[WhiteClock "0:00:25"]
[BlackClock "0:00:01"]

1. f4 Nc6 2. Nf3 d6 3. e4 e5 4. Bb5 exf4 5. O-O Nf6 6. Nc3 Be7 7. d4 Nh5 8. d5 a6 9. Ba4 b5 10. Nxb5 axb5 11. Bxb5 Bd7 12. dxc6 Bg4 13. h3 Bc8 14. Nd4 g6 15. Be2 Ng3 16. Rxf4 O-O 17. Bc4 Bg5 18. Rxf7 Rxf7 19. Qf3 Bf6 20. Bxf7+ Kxf7 21. Bh6 Kg8 22. Rd1 Nh5 23. Qb3+ Kh8 24. Qf7 Ng7 25. Kh1 Be5 26. Nf3 Qf6 27. Nxe5 Qxf7 28. Nxf7+ Kg8 29. Ng5 Rxa2 30. Rf1 Rxb2 31. Rf7 Ne6 32. Re7 Nxg5 33. Bxg5 Kf8 34. Rxc7 Be6 35. Be7+ Ke8 36. Bxd6 Rxc2 37. Re7+ 1-0


[Site "https://www.chess.com"]

[Event "Titled Tuesday Blitz November 22 Early 2022"]
[White "Xu, Yi"]
[Black "Yurovskykh, Oleksandr"]
[WhiteFideId "8605564"]
[BlackFideId "14134020"]
[WhiteElo "2471"]
[BlackElo "2265"]
[Result "1-0"]
[Round "03"]
[TimeControl "180+1"]
[Date "2022.11.23"]
[WhiteClock "0:00:15"]
[BlackClock "0:00:12"]

1. e4 d5 2. exd5 Qxd5 3. Nc3 Qd8 4. Nf3 Bg4 5. h3 Bxf3 6. Qxf3 c6 7. b3 g6 8. Bb2 Bg7 9. O-O-O Nd7 10. g4 e6 11. Bg2 Ne7 12. Kb1 O-O 13. h4 Nd5 14. h5 g5 15. h6 Bh8 16. Nxd5 cxd5 17. Bg7 Bxg7 18. hxg7 Kxg7 19. Qh3 h5 20. Qe3 hxg4 21. Rh5 Rh8 22. Rxg5+ Kf8 23. Rxg4 Qf6 24. Re1 Rg8 25. Rf4 Qg6 26. Bxd5 Rc8 27. Bxe6 Re8 28. Bxf7 Rxe3 29. Bxg6+ Kg7 30. fxe3 1-0


[Site "https://www.chess.com"]

[Event "Titled Tuesday Blitz November 22 Early 2022"]
[White "Yurasova, Daria"]
[Black "Adithya A Chullikkad"]
[WhiteFideId "34146919"]
[BlackFideId "45078734"]
[WhiteElo "2097"]
[BlackElo "2106"]
[Result "1-0"]
[Round "03"]
[TimeControl "180+1"]
[Date "2022.11.23"]
[WhiteClock "0:00:30"]
[BlackClock "0:00:30"]

1. d4 d5 2. Nf3 c5 3. dxc5 e6 4. e3 Bxc5 5. Be2 Nf6 6. O-O O-O 7. a3 Nc6 8. b4 Bd6 9. Bb2 a6 10. Nbd2 Bd7 11. c4 Rc8 12. Rc1 Bb8 13. Qb3 b5 14. cxb5 axb5 15. Bxb5 Ne4 16. Rfd1 Nxd2 17. Rxd2 Ne5 18. Nxe5 Bxb5 19. Rxc8 Qxc8 20. Nf3 Bc4 21. Qc3 f6 22. Qd4 Qa6 23. h3 Rc8 24. Qg4 e5 25. Nh4 Rc7 26. Nf5 Bb5 27. Rxd5 Bd7 28. Nh6+ Kf8 29. Rxd7 Qc6 30. Qxg7+ Ke8 31. Qe7# 1-0


[Site "https://www.chess.com"]

[Event "Titled Tuesday Blitz November 22 Early 2022"]
[White "Zaksaite, Salomeja"]
[Black "Pinheiro, Iung Alicio de O."]
[WhiteFideId "12801496"]
[BlackFideId "2104350"]
[WhiteElo "2079"]
[BlackElo "2283"]
[Result "1-0"]
[Round "03"]
[TimeControl "180+1"]
[Date "2022.11.23"]
[WhiteClock "0:00:03"]
[BlackClock "0:00:01"]

1. e4 c5 2. Nf3 Nc6 3. Bb5 e5 4. O-O Bd6 5. c3 a6 6. Ba4 b5 7. Bb3 c4 8. Bc2 Nf6 9. a4 Rb8 10. d4 cxd3 11. Qxd3 Bc5 12. Bg5 h6 13. Bh4 g5 14. Bg3 b4 15. Nxe5 Nxe5 16. Bxe5 d6 17. Rd1 Bg4 18. Bxf6 Qxf6 19. Rf1 h5 20. Nd2 h4 21. e5 Qf4 22. Rae1 Kf8 23. Re4 Qf5 24. h3 Bh5 25. exd6 Bg6 26. Qxa6 Qf6 27. Qc4 Bxe4 28. Nxe4 Qe5 29. Qxc5 Qxc5 30. Nxc5 Rd8 31. cxb4 Rxd6 32. Re1 Kg7 33. a5 Rd2 34. Bb3 Rxb2 35. a6 Rb8 36. a7 Ra8 37. Re7 Kg6 38. Bxf7+ Kf6 39. Rc7 Rb1+ 40. Kh2 Rxb4 41. Bd5 Rd8 42. a8=Q Rxa8 43. Bxa8 Rb2 44. Bf3 Ke5 45. Ne4 Ra2 46. Rc5+ Kf4 47. Rc8 Ke5 48. Rf8 Kd4 49. Rf7 1-0


[Site "https://www.chess.com"]

[Event "Titled Tuesday Blitz November 22 Early 2022"]
[White "Zemlyanskii, Ivan"]
[Black "Wagner, Dennis"]
[WhiteFideId "24249971"]
[BlackFideId "24650684"]
[WhiteElo "2107"]
[BlackElo "2470"]
[Result "1-0"]
[Round "03"]
[TimeControl "180+1"]
[Date "2022.11.22"]
[WhiteClock "0:00:17"]
[BlackClock "0:00:01"]

1. d4 Nf6 2. c4 e6 3. Nf3 d5 4. g3 Bb4+ 5. Bd2 a5 6. Bg2 O-O 7. Qc2 c6 8. O-O h6 9. Bf4 Be7 10. Nbd2 Nh5 11. Be3 b6 12. Rfd1 Bb7 13. Ne5 Nd7 14. Ndf3 Nhf6 15. Bf4 Rc8 16. Nxd7 Nxd7 17. e4 c5 18. exd5 exd5 19. Qf5 cxd4 20. cxd5 g6 21. Qh3 Bxd5 22. Nxd4 Bxg2 23. Kxg2 h5 24. Nb5 Rc5 25. Qxd7 Qa8+ 26. Kg1 Bf6 27. Nc7 Qf3 28. Nd5 Bxb2 29. Rab1 Kg7 30. Nxb6 Rc2 31. Rf1 Bf6 32. Qd1 Qc6 33. Qd5 Qxd5 34. Nxd5 Rxa2 35. Nxf6 Kxf6 36. Rb6+ Kf5 37. Re1 h4 38. Rb5+ Kg4 39. Kg2 h3+ 40. Kg1 Re8 41. f3+ Kxf3 42. Rb3+ Kg4 43. Rxe8 a4 44. Rb1 a3 45. Ra8 Rg2+ 46. Kh1 a2 47. Ra1 g5 48. R8xa2 gxf4 49. Rxg2 f3 50. Rf2 1-0


[Site "https://www.chess.com"]

[Event "Titled Tuesday Blitz November 22 Early 2022"]
[White "Zhigalko, Sergei"]
[Black "Aizpurua, Patrick Emilio"]
[WhiteFideId "13502956"]
[BlackFideId "6600522"]
[WhiteElo "2662"]
[BlackElo "2378"]
[Result "1-0"]
[Round "03"]
[TimeControl "180+1"]
[Date "2022.11.23"]
[WhiteClock "0:00:07"]
[BlackClock "0:00:01"]

1. e4 e5 2. Nf3 Nc6 3. Bc4 Bc5 4. b4 Bxb4 5. c3 Be7 6. d4 Na5 7. Bd3 d6 8. dxe5 dxe5 9. Nxe5 Nf6 10. O-O O-O 11. Qc2 c5 12. Nd2 Qc7 13. f4 a6 14. c4 Rd8 15. Bb2 Nd7 16. Ndf3 Nxe5 17. Bxe5 Bd6 18. Rad1 Bxe5 19. Nxe5 f6 20. Nf3 Nc6 21. e5 h6 22. exf6 gxf6 23. Be4 Ne7 24. Rxd8+ Qxd8 25. Qf2 Be6 26. Re1 Bxc4 27. Qxc5 Rc8 28. Qf2 b5 29. Nd4 Qb6 30. Bh7+ Kf8 31. Rxe7 Rd8 32. Ne6+ Qxe6 33. Rxe6 Bxe6 34. Qc5+ Kf7 35. Be4 Rd1+ 36. Kf2 Rd2+ 37. Ke3 Rxa2 38. Qc7+ Kf8 39. Qd6+ Kf7 40. Qc7+ Kf8 41. h4 Bc4 42. Qd6+ Kf7 43. Qd7+ Kf8 44. Qd6+ Kf7 45. h5 a5 46. Bg6+ Kg7 47. Qe7+ Kg8 48. Qe8+ Kg7 49. Qe7+ Kg8 50. Qxf6 Rxg2 51. Qd8+ Kg7 52. Qe7+ Kg8 53. Bh7+ Kh8 54. Be4 Rg3+ 55. Kf2 Rg7 56. Qf6 Kg8 57. Qxh6 Kf8 58. Qd6+ Re7 59. Bg6 Bf7 60. f5 b4 61. f6 1-0


[Site "https://www.chess.com"]

[Event "Titled Tuesday Blitz November 22 Early 2022"]
[White "Zierk, Steven"]
[Black "Goncalves, Davi Sulzbacher"]
[WhiteFideId "2034255"]
[BlackFideId "2154510"]
[WhiteElo "2494"]
[BlackElo "2182"]
[Result "1-0"]
[Round "03"]
[TimeControl "180+1"]
[Date "2022.11.23"]
[WhiteClock "0:00:26"]
[BlackClock "0:00:08"]

1. e4 c5 2. Nf3 Nc6 3. Bb5 g6 4. O-O Bg7 5. c3 Nf6 6. Re1 O-O 7. d4 d5 8. e5 Ne4 9. Be3 a6 10. Bxc6 bxc6 11. dxc5 f6 12. exf6 Bxf6 13. Nbd2 Bf5 14. Nd4 e5 15. Nxc6 Qc8 16. Nb4 d4 17. Bh6 Nxf2 18. Kxf2 Bg7 19. Bxg7 Bc2+ 20. Kg1 Bxd1 21. Bxf8 Qxf8 22. Raxd1 dxc3 23. bxc3 Qxc5+ 24. Kh1 a5 25. Ne4 Qc4 26. Nd6 Qe6 27. Nc6 Rf8 28. Nxe5 Qxa2 29. Ra1 Qd2 30. Ne4 Qf4 31. Nf3 Qf5 32. h3 Qd5 33. Ra4 Qd7 34. Rxa5 Rxf3 35. gxf3 Qxh3+ 36. Kg1 Qxf3 37. Ra2 h5 38. Rf2 Qg4+ 39. Rg2 Qf5 40. Rg5 Qf7 41. Rf1 Qa7+ 42. Kg2 Qa6 43. Rf6 Qe2+ 44. Nf2 Kh7 45. Rgxg6 h4 46. Rh6+ Kg7 47. Rfg6+ Kf7 48. Rf6+ Kg7 49. Rfg6+ Kf7 50. Rg4 Qe3 51. Rh7+ Kf8 52. c4 Qd2 53. Rhxh4 Kf7 54. Re4 Kf6 55. Rhf4+ Kg5 56. Rf3 Qd6 57. Rg4+ Kh5 58. Rh3# 1-0


[Site "https://www.chess.com"]

[Event "Titled Tuesday Blitz November 22 Early 2022"]
[White "Abdyzhapar, Asylbek"]
[Black "Danielian, Vardan"]
[WhiteFideId "13800337"]
[BlackFideId "13301594"]
[WhiteElo "2323"]
[BlackElo "2551"]
[Result "0-1"]
[Round "04"]
[TimeControl "180+1"]
[Date "2022.11.23"]
[WhiteClock "0:01:18"]
[BlackClock "0:00:17"]

1. c4 Nf6 2. g3 g6 3. Bg2 Bg7 4. Nf3 O-O 5. O-O c6 6. Nc3 d5 7. d3 dxc4 8. dxc4 Be6 9. Qa4 Nbd7 10. Ng5 Nb6 11. Qb4 Bxc4 12. Rd1 Nfd5 13. Qc5 Qd6 14. Qa5 Qb4 15. Qxb4 Nxb4 16. Nge4 N6d5 17. Bg5 h6 18. Bd2 Rad8 19. a3 Nc2 20. Rac1 Nd4 21. Re1 Nb3 22. Rcd1 Nxd2 23. Rxd2 Nxc3 24. Rxd8 Nxe2+ 25. Rxe2 Rxd8 26. Re1 Bxb2 27. h4 Bb3 28. Re2 Bd4 29. Rd2 Bb6 30. Rb2 Bd5 31. a4 f5 32. Nc3 Bxg2 33. Kxg2 Bd4 34. Rc2 Bxc3 35. Rxc3 Kf7 36. Rb3 Rd7 37. a5 a6 38. Kf3 e5 39. Ke3 Ke6 40. f3 g5 41. h5 f4+ 42. gxf4 gxf4+ 43. Ke2 Kf5 44. Rb1 Kg5 45. Rg1+ Kxh5 46. Rg8 Rd5 47. Rg7 Rxa5 48. Kd3 Rb5 49. Ke4 Kh4 50. Kf5 h5 51. Rg1 Kh3 52. Ke4 Kh2 53. Rg5 h4 54. Rg4 h3 55. Rg8 Kh1 56. Kd3 h2 57. Ke2 Rb2+ 58. Kf1 a5 59. Rd8 a4 60. Rd3 b5 61. Rd1 a3 62. Ra1 a2 63. Re1 Rb1 0-1


[Site "https://www.chess.com"]

[Event "Titled Tuesday Blitz November 22 Early 2022"]
[White "Agasarov, Benik"]
[Black "Balabayeva, Xeniya"]
[WhiteFideId "13314823"]
[BlackFideId "13719688"]
[WhiteElo "2178"]
[BlackElo "2041"]
[Result "0-1"]
[Round "04"]
[TimeControl "180+1"]
[Date "2022.11.23"]
[WhiteClock "0:00:05"]
[BlackClock "0:00:03"]

1. e4 e5 2. Nf3 Nf6 3. Nc3 Nc6 4. h3 a6 5. d4 exd4 6. Nxd4 Bb4 7. Nxc6 bxc6 8. Bd3 h6 9. O-O d6 10. Qf3 O-O 11. Rd1 Qe7 12. Bd2 Bc5 13. Be3 Bxe3 14. Qxe3 Bb7 15. Re1 Rfe8 16. Rad1 Rad8 17. Qa7 Rb8 18. Qe3 c5 19. b3 Rbd8 20. Qg3 Nh5 21. Qf3 Qe5 22. Bc4 Nf6 23. Nd5 Nxd5 24. Bxd5 Bxd5 25. Rxd5 Qb2 26. Qd3 Qxa2 27. Qc3 Qa3 28. Ra1 Qb4 29. Qxb4 cxb4 30. f3 c6 31. Rda5 d5 32. exd5 cxd5 33. Kf2 Rc8 34. R1a2 Re6 35. Rxd5 Rec6 36. Rd2 Kf8 37. g4 Rc3 38. Kg3 R8c6 39. Re2 Rf6 40. Rf2 g5 41. Ra4 Rb6 42. h4 Kg7 43. hxg5 hxg5 44. Ra5 Kg6 45. Rd2 Rf6 46. Re2 Rfxf3+ 47. Kg2 Rf4 48. Rxa6+ f6 49. Rf2 Rxg4+ 50. Kf1 Rf4 51. Rxf4 gxf4 52. Rb6 Rxc2 53. Rxb4 Kf5 54. Rb6 Ke5 55. b4 f5 56. Rb8 Ke4 57. Rh8 Ke3 58. Re8+ Kf3 59. Kg1 Rc1+ 60. Kh2 Kf2 61. b5 f3 62. b6 Rc6 63. b7 Rh6# 0-1


[Site "https://www.chess.com"]

[Event "Titled Tuesday Blitz November 22 Early 2022"]
[White "Aldokhin, Ivan"]
[Black "Zierk, Steven"]
[WhiteFideId "24115720"]
[BlackFideId "2034255"]
[WhiteElo "2313"]
[BlackElo "2494"]
[Result "0-1"]
[Round "04"]
[TimeControl "180+1"]
[Date "2022.11.23"]
[WhiteClock "0:00:05"]
[BlackClock "0:00:13"]

1. e4 e6 2. d4 d5 3. Nc3 Bb4 4. Ne2 dxe4 5. a3 Be7 6. Nxe4 Nf6 7. Nxf6+ Bxf6 8. g3 Qd5 9. Rg1 O-O 10. Bg2 Qb5 11. Nc3 Qb6 12. Be3 Qxb2 13. Ne4 Be7 14. g4 Nc6 15. g5 e5 16. Nf6+ Kh8 17. Be4 g6 18. Nxh7 exd4 19. Bf4 Re8 20. Rb1 Qc3+ 21. Bd2 Qh3 22. Rg3 Qxh7 23. Qf3 Bd6 24. Kf1 Bxg3 25. hxg3 Ne5 26. Qf6+ Qg7 27. Qf4 Bf5 28. Kg2 Bxe4+ 29. Qxe4 Nc4 30. Rh1+ Kg8 31. Qd3 Nxd2 32. Qxd2 Re4 33. Qd3 Rae8 0-1


[Site "https://www.chess.com"]

[Event "Titled Tuesday Blitz November 22 Early 2022"]
[White "Andreikin, Dmitry"]
[Black "Ibarra Jerez, Jose Carlos"]
[WhiteFideId "4158814"]
[BlackFideId "2226332"]
[WhiteElo "2736"]
[BlackElo "2638"]
[Result "0-1"]
[Round "04"]
[TimeControl "180+1"]
[Date "2022.11.22"]
[WhiteClock "0:02:12"]
[BlackClock "0:01:51"]

1. Nf3 d6 2. e4 e5 3. d4 exd4 4. Nxd4 Nf6 5. Nc3 Be7 6. g3 d5 7. e5 Ng4 8. Bg2 O-O 9. O-O Nxe5 10. Nxd5 Bc5 11. Bf4 Bg4 12. f3 Qxd5 13. fxg4 Qxd4+ 14. Kh1 Qxd1 15. Raxd1 Nbc6 16. g5 Rad8 17. c3 Nd3 18. Bxc6 Nf2+ 19. Kg2 Rxd1 20. Bxb7 Rxf1 21. Kxf1 Rb8 0-1


[Site "https://www.chess.com"]

[Event "Titled Tuesday Blitz November 22 Early 2022"]
[White "Arabidze, Meri"]
[Black "Baches Garcia, Guillermo"]
[WhiteFideId "13604040"]
[BlackFideId "2209764"]
[WhiteElo "2403"]
[BlackElo "2454"]
[Result "1-0"]
[Round "04"]
[TimeControl "180+1"]
[Date "2022.11.23"]
[WhiteClock "0:00:27"]
[BlackClock "0:00:03"]

1. Nf3 Nf6 2. b3 g6 3. Bb2 Bg7 4. g3 O-O 5. Bg2 c5 6. O-O Nc6 7. c4 d6 8. Re1 e5 9. d3 Bg4 10. h3 Be6 11. Ng5 Bd7 12. Nc3 h6 13. Nge4 Ne8 14. Nd5 f5 15. Nec3 g5 16. a3 h5 17. e4 g4 18. exf5 Bxf5 19. hxg4 Bxg4 20. f3 Be6 21. b4 h4 22. gxh4 Qxh4 23. Ne4 Rf5 24. b5 Nd4 25. Bxd4 cxd4 26. Rf1 Rh5 27. f4 Bg4 28. Qe1 Qh2+ 29. Kf2 Qh4+ 30. Kg1 Qh2+ 31. Kf2 Qh4+ 32. Ng3 exf4 33. Nxf4 Rf5 34. Kg1 Be5 35. Nxf5 Qxe1 36. Raxe1 Bxf5 37. Bxb7 Rb8 38. Bd5+ Kh7 39. Be4 Ng7 40. Nd5 Rg8 41. Ne7 1-0


[Site "https://www.chess.com"]

[Event "Titled Tuesday Blitz November 22 Early 2022"]
[White "Avazkhonov, Alikhon"]
[Black "Chirilov, James A"]
[WhiteFideId "14208504"]
[BlackFideId "30976677"]
[WhiteElo "1739"]
[BlackElo "1790"]
[Result "1-0"]
[Round "04"]
[TimeControl "180+1"]
[Date "2022.11.23"]
[WhiteClock "0:00:30"]
[BlackClock "0:00:01"]

1. d4 Nf6 2. c4 g6 3. Nc3 Bg7 4. e4 O-O 5. f3 d6 6. Be3 c5 7. dxc5 dxc5 8. Qxd8 Rxd8 9. Bxc5 e6 10. Nge2 b6 11. Ba3 Ba6 12. Nb5 Ne8 13. Nec3 Nd7 14. Rd1 Ne5 15. Be2 Bxb5 16. Nxb5 Rxd1+ 17. Kxd1 a6 18. Nc3 Rc8 19. Kc2 Nxc4 20. Bxc4 Rxc4 21. Rd1 Bf6 22. e5 Bg5 23. Kb3 b5 24. Ne4 f6 25. Rd8 Kf7 26. Rd7+ Kg8 27. Re7 Nc7 28. exf6 Nd5 29. Re8+ Kf7 30. Rf8# 1-0


[Site "https://www.chess.com"]

[Event "Titled Tuesday Blitz November 22 Early 2022"]
[White "Averjanov, Alexey"]
[Black "Kamsky, Gata"]
[WhiteFideId "14109867"]
[BlackFideId "2000024"]
[WhiteElo "2613"]
[BlackElo "2666"]
[Result "0-1"]
[Round "04"]
[TimeControl "180+1"]
[Date "2022.11.22"]
[WhiteClock "0:00:06"]
[BlackClock "0:00:19"]

1. d4 Nf6 2. c4 e6 3. Nf3 b6 4. g3 a5 5. Bg2 Ba6 6. b3 c6 7. O-O d5 8. Nbd2 Nbd7 9. Bb2 Be7 10. Qc2 O-O 11. e4 Qb8 12. Rfd1 Rc8 13. e5 Ne8 14. Rac1 a4 15. h4 h6 16. h5 axb3 17. axb3 Bb7 18. Qb1 Nc7 19. Kh2 Na6 20. Ne1 Nb4 21. Nd3 Qa7 22. Nxb4 Bxb4 23. Bc3 Bxc3 24. Rxc3 Qa2 25. Rc2 Qxb1 26. Rxb1 c5 27. cxd5 Bxd5 28. Bxd5 exd5 29. Rbc1 Rd8 30. dxc5 Nxc5 31. f4 Nd3 32. Rd1 Rdc8 33. Rxc8+ Rxc8 34. Nf3 Rc2+ 35. Kg1 Rc3 36. Nd4 Nc5 37. Kg2 Ne4 38. Nf5 g6 39. Ne7+ Kf8 40. Nxd5 Rxg3+ 41. Kh2 Rxb3 42. hxg6 fxg6 43. Rd4 Nc5 44. Nf6 Ke7 45. Rd6 h5 46. Nd5+ Kf7 47. Nf6 b5 48. Nd5 b4 49. Rf6+ Kg7 50. e6 Rb2+ 51. Kh3 Re2 52. f5 gxf5 53. Rf7+ Kh6 54. e7 Ne6 55. Rf6+ Kg5 56. Rf8 Ng7 57. Rf7 Ne8 58. Rf8 Nc7 59. Rc8 Nxd5 60. e8=Q Nf4+ 61. Kg3 h4+ 62. Kf3 Rxe8 63. Rxe8 Ng6 64. Rb8 Ne5+ 65. Kg2 Nd3 66. Rb5 Kf4 67. Rb6 Ke4 68. Kh3 f4 69. Kxh4 f3 70. Kg3 f2 71. Kg2 Ke3 72. Re6+ Kd2 73. Rb6 Kc3 74. Kf1 b3 75. Ke2 b2 76. Rc6+ Kd4 77. Rd6+ Kc5 78. Rxd3 b1=Q 79. Kxf2 Qxd3 0-1


[Site "https://www.chess.com"]

[Event "Titled Tuesday Blitz November 22 Early 2022"]
[White "Bazeev, German"]
[Black "Bilych, Olexiy"]
[WhiteFideId "24119350"]
[BlackFideId "14156504"]
[WhiteElo "2493"]
[BlackElo "2320"]
[Result "1/2-1/2"]
[Round "04"]
[TimeControl "180+1"]
[Date "2022.11.22"]
[WhiteClock "0:00:09"]
[BlackClock "0:00:04"]

1. d4 Nf6 2. Nf3 d5 3. c4 e6 4. g3 dxc4 5. Bg2 Bb4+ 6. Bd2 a5 7. a3 Bxd2+ 8. Nbxd2 b5 9. a4 c6 10. O-O O-O 11. Qc2 Na6 12. b3 Nb4 13. Qc1 cxb3 14. Nxb3 bxa4 15. Nc5 Ba6 16. Nxa6 Rxa6 17. Rxa4 Qd5 18. e3 Qb5 19. Ra3 Rc8 20. Qb1 c5 21. Rc1 c4 22. Ne5 Ra7 23. Bf1 Rac7 24. Qa1 Ne4 25. Rxa5 Qe8 26. Rxc4 Rxc4 27. Nxc4 Qd8 28. Bg2 Nc3 29. Ra8 Nbd5 30. Rxc8 Qxc8 31. Bxd5 Nxd5 32. Nd6 Qb8 33. Ne4 h6 34. Qc1 Qb7 35. Nd6 Qb3 36. Qc8+ Kh7 37. Nxf7 Qd1+ 38. Kg2 Nxe3+ 39. fxe3 Qe2+ 40. Kg1 Qxe3+ 41. Kg2 Qe2+ 42. Kg1 Qe1+ 43. Kg2 Qe2+ 44. Kg1 Qe1+ 45. Kg2 Qe4+ 46. Kg1 Qxd4+ 47. Kg2 Qe4+ 48. Kg1 Qe3+ 49. Kg2 Qe2+ 50. Kg1 Qd1+ 51. Kg2 Qd5+ 52. Kg1 Qd4+ 53. Kg2 Qd2+ 54. Kg1 Qe1+ 55. Kg2 Qe2+ 56. Kg1 Qe3+ 57. Kg2 Qd2+ 58. Kg1 Qd1+ 59. Kg2 Qd5+ 60. Kg1 Qd4+ 1/2-1/2


[Site "https://www.chess.com"]

[Event "Titled Tuesday Blitz November 22 Early 2022"]
[White "Begunov, Konstantin"]
[Black "Hristodoulou, Panagiotis"]
[WhiteFideId "4118510"]
[BlackFideId "4214340"]
[WhiteElo "2140"]
[BlackElo "2272"]
[Result "0-1"]
[Round "04"]
[TimeControl "180+1"]
[Date "2022.11.23"]
[WhiteClock "0:00:08"]
[BlackClock "0:00:07"]

1. d4 d5 2. c4 e6 3. Nc3 h6 4. cxd5 exd5 5. Nf3 c6 6. Bf4 Bd6 7. Bg3 Bf5 8. Qb3 Bxg3 9. hxg3 Qe7 10. e3 Nf6 11. Ne5 O-O 12. Be2 Qc7 13. g4 Bh7 14. f4 Nbd7 15. O-O-O Ne4 16. Nxe4 Bxe4 17. Bf3 Nxe5 18. dxe5 Bh7 19. Rh5 Bg6 20. Rh2 c5 21. Qxd5 Rfd8 22. Qc4 Rxd1+ 23. Bxd1 b5 24. Qc3 b4 25. Qc4 Rd8 26. Bc2 Bxc2 27. Qxc2 c4 28. g3 Qc5 29. Qe4 c3 30. Rc2 a5 31. g5 a4 32. gxh6 gxh6 33. f5 Kf8 34. f6 Rd5 35. Qf4 Rxe5 36. Qxh6+ Ke8 37. Qh8+ Kd7 38. bxc3 Qxe3+ 39. Rd2+ Rd5 40. Qd8+ Kxd8 41. c4 Qxd2+ 42. Kb1 b3 43. axb3 axb3 44. cxd5 Qc2+ 45. Ka1 Qa2# 0-1


[Site "https://www.chess.com"]

[Event "Titled Tuesday Blitz November 22 Early 2022"]
[White "Bluebaum, Matthias"]
[Black "Boros, Denes"]
[WhiteFideId "24651516"]
[BlackFideId "722340"]
[WhiteElo "2633"]
[BlackElo "2464"]
[Result "1-0"]
[Round "04"]
[TimeControl "180+1"]
[Date "2022.11.22"]
[WhiteClock "0:00:06"]
[BlackClock "0:00:04"]

1. d4 b6 2. c4 Bb7 3. Nc3 d6 4. e4 Nd7 5. Nf3 e5 6. Be2 Ngf6 7. Qc2 Be7 8. O-O O-O 9. h3 exd4 10. Nxd4 Re8 11. Be3 Nc5 12. f3 Nh5 13. b4 Ne6 14. Nxe6 fxe6 15. Rfd1 Bg5 16. Qd2 Bxe3+ 17. Qxe3 Qf6 18. c5 Nf4 19. Bf1 Rad8 20. cxd6 cxd6 21. Kh2 Ng6 22. Rac1 d5 23. exd5 exd5 24. Qd4 Qd6+ 25. Kh1 Qg3 26. Ne2 Qd6 27. a3 Ba6 28. Nc3 Bxf1 29. Rxf1 Qg3 30. Qg4 Qxg4 31. hxg4 Ne5 32. Rfd1 Nc4 33. Nxd5 Nxa3 34. Ra1 Nb5 35. Ne7+ Kf8 36. Nc6 Rxd1+ 37. Rxd1 Re6 38. Rd8+ Kf7 39. Rc8 Kg6 40. f4 Re2 41. Ne5+ Kf6 42. Rc6+ Ke7 43. Rc8 g5 44. g3 h6 45. Rh8 Nc3 46. Rxh6 Ne4 47. Kg1 Nxg3 48. Nc6+ Kf7 49. fxg5 Re4 50. b5 Kg7 51. Kg2 Ne2 52. Kf3 Re8 53. Rd6 Nc3 54. Nxa7 Re5 55. Rxb6 Nd5 56. Rb7+ Kg6 57. Nc6 Re3+ 58. Kf2 Rb3 59. Rd7 Nf4 60. Ne5+ Kxg5 61. Nf3+ Kxg4 62. Rg7+ Kh5 63. Nd4 Rb4 64. Rd7 Kg4 65. Ke3 Ne6 66. Nxe6 Rb3+ 67. Ke4 Rxb5 68. Rg7+ Kh3 69. Nd4 Rb4 70. Rg8 Kh2 71. Ke3 Kh3 72. Kf3 Rb3+ 73. Kf4 Kh2 74. Nf3+ Kh1 75. Rg1# 1-0


[Site "https://www.chess.com"]

[Event "Titled Tuesday Blitz November 22 Early 2022"]
[White "Boraso, Alessio"]
[Black "Adithya A Chullikkad"]
[WhiteFideId "848077"]
[BlackFideId "45078734"]
[WhiteElo "2286"]
[BlackElo "2106"]
[Result "1-0"]
[Round "04"]
[TimeControl "180+1"]
[Date "2022.11.23"]
[WhiteClock "0:00:07"]
[BlackClock "0:00:02"]

1. d4 Nf6 2. c4 c5 3. d5 b5 4. cxb5 a5 5. Nc3 d6 6. e4 g6 7. h3 Bg7 8. Nf3 Nbd7 9. Bf4 Nb6 10. Nd2 Nfd7 11. Be2 O-O 12. O-O h5 13. a4 Nf6 14. Ra3 Bd7 15. Bh2 Be8 16. f4 Nfd7 17. Kh1 f6 18. f5 g5 19. Bxh5 Ne5 20. Be2 Kf7 21. Bxe5 fxe5 22. Nf3 Bf6 23. Nh2 Rh8 24. Nb1 Kg7 25. Rg3 Kh6 26. b3 Bd7 27. Nd2 Qc7 28. Ndf3 Rag8 29. Qd2 Rh7 30. Kg1 Rhg7 31. Rg4 Kh7 32. Kf2 Be8 33. Rh1 Bh5 34. Ne1 Bxg4 35. hxg4 Kh8 36. Nf1+ Rh7 37. Rh5 Rxh5 38. gxh5 Kg7 39. g4 Kh6 40. Ne3 Rb8 41. N1c2 Rc8 42. Na3 Rb8 43. Nac4 Rc8 44. Bf1 Rb8 45. Kf3 Rb7 46. Kf2 Rb8 47. Qxa5 Bg7 48. Be2 Rb7 49. Qd2 Bf6 50. Ng2 Nc8 51. Ne1 Ra7 52. Nf3 Nb6 53. Ne3 Nc8 54. Bc4 Qa5 55. Qxa5 Rxa5 56. Nd2 Nb6 57. Ke2 Ra7 58. Kd3 e6 59. fxe6 Kh7 60. Nf5 Bd8 61. Nxd6 Be7 62. Nf7 Nc8 63. Nxe5 Kg7 64. Nc6 Rc7 65. Nf3 Bd6 66. e5 Kh7 67. Ke4 Bxe5 68. Ncxe5 Nd6+ 69. Kd3 Nb7 70. Nxg5+ Kh6 71. Ngf7+ Kh7 72. g5 Kg7 73. Ke4 Kh7 74. Kf5 Kg7 75. g6 Rxf7+ 76. exf7 Nd6+ 77. Kg5 Nxf7+ 78. Nxf7 Kf8 79. Bd3 Kg7 80. h6+ Kg8 81. Kf6 c4 82. h7+ Kf8 83. h8=Q# 1-0


[Site "https://www.chess.com"]

[Event "Titled Tuesday Blitz November 22 Early 2022"]
[White "Bortnyk, Olexandr"]
[Black "Lamaze, Simon"]
[WhiteFideId "14120828"]
[BlackFideId "36069264"]
[WhiteElo "2723"]
[BlackElo "2272"]
[Result "1-0"]
[Round "04"]
[TimeControl "180+1"]
[Date "2022.11.22"]
[WhiteClock "0:00:56"]
[BlackClock "0:00:14"]

1. e4 c5 2. c3 Nf6 3. e5 Nd5 4. d4 cxd4 5. Nf3 Nc6 6. cxd4 d6 7. Bc4 e6 8. O-O Be7 9. Qe2 O-O 10. Rd1 Na5 11. Bd3 Nb4 12. Nc3 Nxd3 13. Rxd3 b6 14. Qe4 Bb7 15. Qg4 dxe5 16. Bh6 Bf6 17. Nxe5 Kh8 18. Bf4 Nc6 19. Rh3 g6 20. Ne4 Kg8 21. Bg5 Nxe5 22. Qh4 1-0


[Site "https://www.chess.com"]

[Event "Titled Tuesday Blitz November 22 Early 2022"]
[White "Bristy, Mukherjee"]
[Black "Darini, Pouria"]
[WhiteFideId "25077325"]
[BlackFideId "12502200"]
[WhiteElo "1715"]
[BlackElo "2483"]
[Result "0-1"]
[Round "04"]
[TimeControl "180+1"]
[Date "2022.11.23"]
[WhiteClock "0:00:07"]
[BlackClock "0:00:39"]

1. d4 Nf6 2. Bg5 e6 3. Nd2 c5 4. e3 Nc6 5. c3 h6 6. Bh4 d5 7. f4 Qb6 8. Rb1 cxd4 9. exd4 Bd6 10. Qf3 Qc7 11. Nh3 Ne7 12. Bd3 Bd7 13. O-O O-O-O 14. c4 dxc4 15. Nxc4 Bc6 16. Qe2 Nf5 17. Bxf5 exf5 18. Bxf6 gxf6 19. Rbc1 Kb8 20. Ne3 Qb6 21. Nxf5 Rhg8 22. Rf2 Rde8 23. Qh5 Bxg2 24. Rxg2 Rxg2+ 25. Kxg2 Qxb2+ 26. Nf2 Qxc1 27. Nxd6 Qc6+ 28. Nde4 Rxe4 29. Nxe4 Qxe4+ 30. Kg3 Qd3+ 31. Kg2 Qd2+ 32. Kg3 Qd3+ 33. Kg2 Qxd4 34. Qxf7 Qxf4 35. Qd7 Qe4+ 36. Kg3 Qe5+ 37. Kg2 Qb2+ 38. Kg3 Qc3+ 39. Kg2 Qc2+ 40. Kg1 Qc1+ 41. Kf2 Qc5+ 42. Kf1 a5 43. Qd8+ Ka7 44. Qh8 Qc4+ 45. Kg1 Qd4+ 46. Kf1 Qa1+ 47. Kg2 Qxa2+ 48. Kh3 Qe6+ 49. Kg2 Qc6+ 50. Kg1 f5 51. Qd4+ Qb6 0-1


[Site "https://www.chess.com"]